 Dungeon Crawl Stone Soup version 0.28.0-1-gb440e238dd (webtiles) character file.

Game seed: 567516911715214722

309 Eitelfritz the Chopper (level 6, -2/55 HPs)
             Began as a Hill Orc Fighter on Feb 21, 2022.
             Frozen to death by an endoplasm (5 damage)
             ... on level 4 of the Dungeon.
             The game lasted 00:06:09 (3368 turns).

Eitelfritz the Chopper (Hill Orc Fighter)           Turns: 3368, Time: 00:06:10

Health: -2/55      AC: 10    Str: 21    XL:     6   Next: 41%
Magic:  6/6        EV:  7    Int:  8    God:
Gold:   79         SH:  4    Dex: 10    Spells: 5/5 levels left

rFire   . . .      SeeInvis .   a - +0 war axe
rCold   . . .      Faith    .   c - +0 buckler
rNeg    . . .      Spirit   .   q - +0 chain mail
rPois   .          Reflect  .   (no helmet)
rElec   .          Harm     .   (no cloak)
rCorr   .          Rampage  .   (no gloves)
Will    .....                   r - +0 pair of boots
Stlth   ..........              (no amulet)
HPRegen 0.18/turn               (no ring)
MPRegen 0.10/turn               (no ring)

@: mighty
A: no striking features
a: no special abilities


You were on level 4 of the Dungeon.
You visited 1 branch of the dungeon, and saw 4 of its levels.

You collected 195 gold pieces.
You spent 116 gold pieces at shops.

Inventory:

Hand Weapons
 a - a +0 war axe (weapon)
Missiles
 h - 6 boomerangs (quivered)
 k - a throwing net
 l - 3 poisoned darts
Armour
 c - a +0 buckler (worn)
 q - a +0 chain mail (worn)
 r - a +0 pair of boots (worn)
Wands
 n - a wand of mindburst (22)
Scrolls
 b - a scroll of fear {unknown}
 e - 2 scrolls of identify
 i - a scroll of noise
 j - a scroll of fog
 m - a scroll of enchant weapon {unknown}
 o - a scroll of teleportation {unknown}
 p - 3 scrolls of magic mapping
 u - a scroll of enchant armour {unknown}
Potions
 f - a potion of magic
 g - 2 potions of degeneration {unknown}
 s - a potion of haste {unknown}
 t - 2 potions of curing {unknown}


   Skills:
 + Level 4.9 Fighting
 + Level 6.1 Axes
 + Level 0.1 Throwing
 + Level 4.4 Armour
 + Level 1.0 Dodging
 + Level 0.6 Stealth
 + Level 3.6 Shields


You had 5 spell levels left.
You didn't know any spells.
Your spell library contained the following spells:

 Spells                   Type           Power      Damage    Failure   Level
 Static Discharge         Conj/Air       0%         N/A       100%        2
 Call Canine Familiar     Summ           0%         N/A       100%        3
 Frozen Ramparts          Ice            0%         1d2       100%        3
 Ozocubu's Armour         Ice            0%         N/A       100%        3
 Portal Projectile        Hex/Tloc       0%         N/A       100%        3
 Dispel Undead            Necr           0%         3d6       100%        4
 Ice Form                 Ice/Tmut       0%         N/A       100%        4
 Leda's Liquefaction      Hex/Erth       0%         N/A       100%        4
 Sticky Flame             Conj/Fire      0%         2d3       100%        4
 Summon Ice Beast         Ice/Summ       0%         N/A       100%        4
 Ozocubu's Refrigeration  Ice            0%         4d5       100%        7


Dungeon Overview and Level Annotations

Branches:
Dungeon (4/15)
 Temple: D:4-7

Altars:
Gozag

Shops:
D:4 [


Message History

An orc comes into view. It is wielding a +0 hand axe.
The orc shouts!
You hear a shout!
The bullfrog skeleton hits you but does no damage.
An orc wizard comes into view. It is wielding a +0 dagger.
The bullfrog skeleton hits you.
* * * LOW HITPOINT WARNING * * *
The bullfrog skeleton closely misses you.
The orc hits you but does no damage.
You block the bullfrog skeleton's attack.
An orc comes into view. It is wielding a +0 short sword.
The orc shouts!
The orc closely misses you.
It was a potion of magic.
Magic courses through your body. The orc hits you but does no damage.
You feel very mighty all of a sudden. The orc hits you but does no damage.
You completely miss the orc. You barely miss the orc.
The orc hits you with a +0 hand axe.
* * * LOW HITPOINT WARNING * * *
The orc hits you but does no damage.
You closely miss the orc. You slash the orc!
You kill the orc!
The orc barely misses you. The orc hits you but does no damage.
You slash the orc!
You kill the orc!
The hobgoblin hits you but does no damage.
You barely miss the hobgoblin.
The hobgoblin hits you but does no damage.
You slash the hobgoblin!
You kill the hobgoblin!
You slash the orc wizard!
The orc wizard is almost dead.
The orc wizard gestures at you while chanting.
The puff of flame hits you.
* * * LOW HITPOINT WARNING * * *
You hit the orc wizard.
You kill the orc wizard!
The endoplasm freezes you.
You are frozen.
You die...

.......#≈.≈...≈g≈#
≈..≈≈≈.o≈#
.≈≈≈≈≈≈≈Z#
.........##
#########g# ....
#.# ..... #o#
......###J#
.......)@.#
......##### #####


You could see a gnoll, an orc and an endoplasm.

Vanquished Creatures
  A water moccasin skeleton (D:4)
  An orc priest (D:4)
  A bullfrog skeleton (D:4)
  An iguana (D:4)
  An orc wizard (D:4)
  5 gnolls
  4 adders
  An adder skeleton (D:4)
  3 dart slugs
  5 orcs
  8 endoplasms
  3 giant cockroaches
  11 hobgoblins
  7 jackals (D:2)
  3 quokkas (D:2)
  4 ball pythons
  5 bats
  4 frilled lizards
  3 goblins
  8 kobolds
  6 rats
85 creatures vanquished.

Notes
Turn   | Place    | Note
-------+----------+-------------------------------------------
     0 | D:1      | Eitelfritz the Hill Orc Fighter began the quest for the
                  | Orb.
     0 | D:1      | Reached XP level 1. HP: 19/19 MP: 1/1
   259 | D:1      | Reached XP level 2. HP: 22/27 MP: 2/2
   761 | D:1      | Reached skill level 3 in Axes
  1012 | D:2      | Reached XP level 3. HP: 28/33 MP: 3/3
  1375 | D:2      | Reached XP level 4. HP: 36/40 MP: 4/4
  2029 | D:2      | Found a faded altar of an unknown god.
  2208 | D:3      | Reached XP level 5. HP: 47/47 MP: 5/5
  2226 | D:3      | Reached skill level 4 in Axes
  2879 | D:4      | Found Jycapat's Armour Shop.
  2882 | D:4      | Bought a +0 chain mail for 58 gold pieces
  2882 | D:4      | Bought a +0 pair of boots for 58 gold pieces
  3012 | D:4      | Reached skill level 5 in Axes
  3012 | D:4      | Reached skill level 1 in Dodging
  3012 | D:4      | Reached XP level 6. HP: 52/55 MP: 6/6
  3320 | D:4      | Reached skill level 6 in Axes
  3327 | D:4      | Found an opulent altar of Gozag.
  3368 | D:4      | Frozen to death by an endoplasm

Illustrated notes

Levels and vault maps discovered:
D:1:      nzn_arrival_water_spiral, layout_basic, due_unseen_surprise
D:2:      layout_loops_corners, hellmonk_ecumenical_altar_inner_sanctum
D:3:      layout_rooms, serial_bayou_pond_d, minmay_stone_trees_small,
          interstate_on_off, kennysheep_generic_room_13
D:4:      layout_cave_pods, mainiacjoe_overflow_paths, general_overflow_altar,
          minmay_shop_damaged, nicolae_stop_n_shop_2

Skill      XL: |  1  2  3  4  5  6 |
---------------+-------------------+-----
Fighting       | 4 |  4.9
Axes           | 3 5 6 |  6.1
Armour         | 4 |  4.4
Dodging        | 1 |  1.0
Throwing       | |  0.1
Stealth        | |  0.6
Shields        | |  3.6

Action                   |  1- 3 |  4- 6 || total
-------------------------+-------+-------++-------
Melee: War axe           |   115 |   129 ||   244
Throw: Boomerang         |       |     3 ||     3
  Use: Scroll            |       |     3 ||     3
       Potion            |       |     2 ||     2
Armor: Scale mail        |    67 |    36 ||   103
       Chain mail        |       |    49 ||    49
Dodge: Dodged            |    60 |    78 ||   138
Block: Buckler           |    23 |    31 ||    54
